 Dungeon Crawl Stone Soup version 0.29.0-4-gdea44cf6ec (webtiles) character file.

Game seed: 14237191181161343917

12702 greasedhog the Spear-Bearer (level 11, -3/66 HPs)
             Began as a Tengu Wanderer on Aug 27, 2022.
             Was an Elder of Okawaru.
             Slain by a vampire (10 damage)
             ... on level 11 of the Dungeon.
             The game lasted 00:17:17 (9619 turns).

greasedhog the Spear-Bearer (Tengu Wanderer)        Turns: 9619, Time: 00:17:17

Health: -3/66      AC:  9    Str: 24    XL:     11   Next: 97%
Magic:  14/14      EV: 16    Int: 10    God:    Okawaru [****..]
Gold:   292        SH:  0    Dex: 13    Spells: 11/12 levels left

rFire   + . .      SeeInvis .   s - +8 halberd "Poicleeg" {drain, Will+ rCorr Str+4}
rCold   . . .      Faith    .   (shield currently unavailable)
rNeg    . . .      Spirit   .   B - +0 acid dragon scales
rPois   .          Reflect  .   (helmet restricted)
rElec   .          Harm     .   r - +0 cloak
rCorr   +          Rampage  .   C - +0 pair of gloves
Will    +....                   (boots unavailable)
Stlth   ..........              m - amulet of regeneration
HPRegen 1.01/turn               l - ring of protection from fire
MPRegen 0.14/turn               x - +4 ring of slaying

@: confused, ambrosia-drunk, on berserk cooldown, flying quickly and evasively,
slowed, studying Shields, very slow
A: beak, talons 3, nimble flight
a: Renounce Religion, Heroism, Finesse


You were on level 11 of the Dungeon.
You worshipped Okawaru.
Okawaru was greatly pleased with you.
You visited 2 branches of the dungeon, and saw 12 of its levels.
You also visited: Sewer.

You collected 680 gold pieces.
You spent 388 gold pieces at shops.

Inventory:

Hand Weapons
 s - the +8 halberd "Poicleeg" (weapon) {drain, Will+ rCorr Str+4}
   (You bought it in a shop on level 1 of the Dungeon)

   A truly terrible weapon, it drains the life of any living foe it strikes.
   Str:       It affects your strength (+4).
   rCorr:     It protects you from acid and corrosion.
   Will:      It increases your willpower.
Missiles
 b - 2 throwing nets (quivered)
Armour
 r - a +0 cloak (worn)
 B - +0 acid dragon scales (worn)
 C - a +0 pair of gloves (worn)
Jewellery
 l - a ring of protection from fire (left hand)
 m - an amulet of regeneration (around neck)
 x - a +4 ring of slaying (right hand)
 G - a ring of protection from fire
 H - a ring of magical power
 I - a ring of resist corrosion
Wands
 u - a wand of flame (26)
 y - a wand of acid (20)
 D - a wand of charming (8)
 F - a wand of roots (5)
Scrolls
 c - a scroll of vulnerability
 e - 4 scrolls of teleportation
 f - a scroll of fear
 g - 2 scrolls of brand weapon
 j - 2 scrolls of fog
 k - a scroll of enchant weapon
 n - a scroll of enchant armour
 o - 2 scrolls of silence
 t - 4 scrolls of identify
 w - 4 scrolls of immolation
 A - 2 scrolls of amnesia
 J - a scroll of poison
Potions
 a - 3 potions of berserk rage
 d - 4 potions of lignification
 h - 8 potions of mutation
 i - 4 potions of haste {unknown}
 p - 2 potions of attraction {unknown}
 q - 5 potions of ambrosia
 v - 4 potions of curing
 z - 2 potions of brilliance {unknown}
 E - 2 potions of might {unknown}


   Skills:
 * Level 6.8 Fighting
 * Level 14.1 Polearms
 - Level 5.1 Armour
 - Level 5.4 Dodging
 - Level 1.0 Spellcasting
 * Level 3.9 Invocations
 - Level 10.0 Evocations


You had 11 spell levels left.
You knew the following spells:

 Your Spells              Type           Power      Damage    Failure   Level
a - Apportation           Tloc           0%         N/A       38%         1

Your spell library contained the following spells:

 Spells                   Type           Power      Damage    Failure   Level
 Slow                     Hex            0%         N/A       38%         1
 Confusing Touch          Hex            0%         N/A       77%         3
 Gell's Gravitas          Tloc           0%         N/A       77%         3
 Teleport Other           Tloc           0%         N/A       77%         3
 Vampiric Draining        Necr           0%         2d6       77%         3
 Cause Fear               Hex            0%         N/A       99%         4
 Passage of Golubria      Tloc           0%         N/A       99%         4
 Alistair's Intoxication  Tmut/Pois      0%         N/A       100%        5
 Silence                  Hex/Air        0%         N/A       100%        5
 Dispersal                Tloc           0%         N/A       100%        6
 Dragon Form              Tmut           0%         N/A       100%        7
 Lehudib's Crystal Spear  Conj/Erth      0%         10d2      100%        8
 Dragon's Call            Summ           Unusable   N/A       N/A         9

Dungeon Overview and Level Annotations

Branches:
Dungeon (11/15)            Temple (1/1) D:5            Lair (0/5) D:8
  Sewer (visited)
    Orc: D:9-12

Altars:
Ashenzari
Cheibriados
Dithmenos
Elyvilon
Fedhas
Gozag
Hepliaklqana
Kikubaaqudgha
Makhleb
Nemelex Xobeh
Okawaru
Qazlal
Ru
Sif Muna
Trog
Uskayaw
Vehumet
Wu Jian
Xom
Yredelemnul
Zin
The Shining One

Shops:
D:1 (   D:3 !   D:4 *   D:5 (*!   D:11 *

Portals:
Trove: D:11 (give 14 potions of heal wounds)

Annotations:
D:8 1 runed translucent door, Zeldest's ghost, novice TrDe


Innate Abilities, Weirdness & Mutations

You have a beak for a mouth.
You have claws for feet.
Your magical nature lets you fly swiftly and evasively.


Message History

You feel a strong urge to attack something.
You are too berserk!
You are no longer berserk.
You are exhausted.
You feel yourself slow down.
You feel better.
You feel better.
The shadow strikes at you from the darkness!
Reactivating autopickup.
The shadow hits you.
You impale the shadow!!
You destroy the shadow!
Okawaru accepts your kill.
You can now speed up your combat.
Something hits you!
* * * LOW HITPOINT WARNING * * *
Deactivating autopickup; reactivate with Ctrl-A.
Something bites you.
* * * LOW HITPOINT WARNING * * *
Something draws strength from your injuries!
Okay, then.
You can't see any enemies this would affect, really read the scroll of fear?
As you read the scroll of fear, it crumbles to dust.
You assume a fearsome visage.
Nothing appears to happen.
Something hits you!
* * * LOW HITPOINT WARNING * * *
Something barely misses you.
You feel better. Something hits you.
* * * LOW HITPOINT WARNING * * *
Something bites you but does no damage. Something barely misses you. x2
You are confused.
You feel invigorated. Something hits you.
* * * LOW HITPOINT WARNING * * *
Something barely misses you.
You closely miss something. Your peck misses something. Something hits you.
* * * LOW HITPOINT WARNING * * *
Something bites you!
* * * LOW HITPOINT WARNING * * *
Something draws strength from your injuries!
Unknown command.
Something hits you!
You die...

....[.[.........# #...
...............# ###...
.........#....## ##.....
........####..# ###..####
........####..######...#####
.......{.............### #..
........######.###########..
..........####..# #......#
.8......#.{@....#####......#
........######..#.........##
....#.... #............#
######.#. ..#....#.....# #.
. #.#.##.#.....# .. #.
#..........### .. ........#
........#### ............


There were no monsters in sight!

Vanquished Creatures
  A two-headed ogre (D:7)
  2 cyclopes
  2 centaur zombies (D:11)
  Psyche (D:10)
  An unseen horror (D:11)
  A queen bee (D:10)
  4 trolls
  5 shadows (D:11)
  A vampire (D:11)
  13 yaks
  4 wraiths
  Menkaure (D:7)
  A steam dragon (D:6)
  2 wargs (D:8)
  An acid dragon (D:8)
  Duvessa (D:7)
  A water moccasin (D:8)
  An ice beast (D:8)
  6 orc warriors
  A sky beast (D:8)
  2 ogres (D:6)
  2 centaurs
  A phantom (D:4)
  4 bullfrogs
  5 kobold brigands
  A gnoll sergeant (D:7)
  2 scorpions
  5 wights (D:7)
  Dowan (D:7)
  29 killer bees
  5 howler monkeys
  10 orc priests
  2 jellies
  Crazy Yiuf (D:7)
  3 iron imps (D:5)
  3 iguanas
  15 orc wizards
  Ijyb (D:3)
  A boggart zombie (D:11)
  A hound zombie (D:3)
  4 gnolls
  2 river rats (Sewer)
  6 adders
  A shadow imp (D:8)
  3 white imps
  4 ufetubi
  2 worms (D:4)
  2 dart slugs (D:2)
  48 orcs
  9 endoplasms
  7 giant cockroaches
  12 hobgoblins
  5 jackals
  5 quokkas (D:4)
  6 ball pythons
  4 bats
  4 frilled lizards
  3 goblins
  23 kobolds
  A quokka zombie (D:3)
  12 rats
307 creatures vanquished.

Vanquished Creatures (others)
  A kobold (Sewer)
  4 plants (D:3)
  3 withered plants (D:11)
8 creatures vanquished.

Grand Total: 315 creatures vanquished

Notes
Turn   | Place    | Note
-------+----------+-------------------------------------------
     0 | D:1      | greasedhog the Tengu Wanderer began the quest for the Orb.
     0 | D:1      | greasedhog set off with the following items: a +0 spear, 2
                  | throwing nets, a +0 leather armour, a potion of
                  | lignification, a scroll of teleportation.
     0 | D:1      | Reached XP level 1. HP: 12/12 MP: 3/3
   362 | D:1      | Reached XP level 2. HP: 16/17 MP: 4/4
   451 | D:1      | Found Butwehur's Antique Weapon Shop.
   660 | D:1      | Reached skill level 3 in Polearms
   708 | D:1      | Reached XP level 3. HP: 20/21 MP: 5/5
   834 | D:1      | You fall into a shaft and drop 1 floor!
  1421 | D:2      | Reached XP level 4. HP: 27/27 MP: 6/6
  1694 | D:1      | Bought a translucent halberd for 162 gold pieces
  1694 | D:1      | Identified the +8 halberd "Poicleeg" {drain, Will+ rCorr
                  | Str+4} (You bought it in a shop on level 1 of the Dungeon)
  1907 | D:3      | Found a basalt altar of Yredelemnul.
  2006 | D:3      | Found Juipuan's Distillery.
  2010 | D:3      | Reached skill level 4 in Polearms
  2018 | D:3      | Bought a potion of degeneration for 13 gold pieces
  2120 | D:3      | Identified the +11 whip of the Final Chapter {flame, rF-
                  | rC+ rN+ Will+}
  2129 | D:3      | Found an ornate altar of the Wu Jian Council.
  2140 | D:3      | Noticed Ijyb
  2150 | D:3      | Killed Ijyb
  2151 | D:3      | Gained mutation: Your magical nature lets you fly swiftly
                  | and evasively. [Tengu growth]
  2151 | D:3      | Reached XP level 5. HP: 8/32 MP: 7/7
  2463 | D:4      | Found a hide-covered altar of Uskayaw.
  2639 | D:4      | Found a glowing drain.
  2676 | Sewer    | Entered a sewer
  2716 | Sewer    | Noticed a kobold brigand
  2719 | Sewer    | Noticed a kobold brigand
  2730 | Sewer    | Killed a kobold brigand
  2731 | Sewer    | Reached skill level 5 in Polearms
  2731 | Sewer    | Reached XP level 6. HP: 29/38 MP: 8/8
  2769 | Sewer    | Found a white marble altar of Elyvilon.
  3078 | D:4      | Reached skill level 5 in Fighting
  3078 | D:4      | Reached XP level 7. HP: 39/44 MP: 9/9
  3110 | D:4      | Found a sacrificial altar of Ru.
  3223 | D:4      | Found Hugaot's General Store.
  3462 | D:5      | Entered Level 5 of the Dungeon
  3468 | D:5      | Reached skill level 6 in Polearms
  3598 | D:5      | Found Apaarch's Distillery.
  3604 | D:5      | Bought a potion of heal wounds for 75 gold pieces
  3604 | D:5      | Bought a potion of curing for 45 gold pieces
  3754 | D:5      | Found Huyquqia's General Store.
  3760 | D:5      | Bought a potion of curing for 33 gold pieces
  3844 | D:5      | Found a staircase to the Ecumenical Temple.
  3881 | Temple   | Entered the Ecumenical Temple
  3996 | D:5      | Found a burning altar of Makhleb.
  4017 | D:5      | Found Voot's Weapon Boutique.
  4084 | D:5      | Found a broken altar of Ashenzari.
  4626 | D:6      | Reached skill level 7 in Polearms
  4807 | D:6      | Found a glowing silver altar of Zin.
  4880 | D:6      | Reached XP level 8. HP: 49/49 MP: 10/10
  5020 | D:6      | Found a glowing golden altar of the Shining One.
  5083 | D:6      | Found an ancient bone altar of Kikubaaqudgha.
  5276 | D:6      | Reached skill level 5 in Armour
  5285 | D:6      | Learned a level 1 spell: Apportation
  5573 | D:6      | Found an opulent altar of Gozag.
  5581 | D:6      | Reached skill level 8 in Polearms
  5581 | D:6      | Reached skill level 1 in Evocations
  5707 | D:7      | Found a stormy altar of Qazlal.
  5728 | D:7      | Noticed Menkaure
  5732 | D:7      | Killed Menkaure
  5945 | D:7      | Noticed Duvessa
  5947 | D:7      | Reached XP level 9. HP: 27/54 MP: 11/11
  5948 | D:7      | Reached skill level 9 in Polearms
  5948 | D:7      | Noticed Dowan
  5955 | D:7      | Killed Duvessa
  5967 | D:7      | Killed Dowan
  6253 | D:7      | Found a runed translucent door.
  6254 | D:7      | Noticed Crazy Yiuf
  6292 | D:7      | Noticed a two-headed ogre
  6320 | D:7      | Killed a two-headed ogre
  6321 | D:7      | Reached skill level 10 in Polearms
  6321 | D:7      | Reached skill level 5 in Evocations
  6609 | D:7      | Killed Crazy Yiuf
  6745 | D:8      | Found a staircase to the Lair.
  6762 | D:8      | Reached XP level 10. HP: 53/59 MP: 12/12
  6766 | D:8      | Reached skill level 11 in Polearms
  7086 | D:8      | Found a runed translucent door.
  7089 | D:8      | Noticed Zeldest's ghost (novice TrDe)
  7319 | D:9      | Reached skill level 12 in Polearms
  7342 | D:9      | Found a sparkling altar of Nemelex Xobeh.
  7588 | D:9      | Found a large runed translucent door.
  7591 | D:9      | Found a large runed translucent door.
  7694 | D:9      | Found a shimmering altar of Xom.
  7758 | D:9      | Noticed a cyclops
  7769 | D:9      | Killed a cyclops
  8314 | D:9      | Found a shadowy altar of Dithmenos.
  8317 | D:9      | Found a radiant altar of Vehumet.
  8337 | D:10     | Entered Level 10 of the Dungeon
  8418 | D:10     | Reached XP level 11. HP: 63/63 MP: 13/13
  8479 | D:10     | Found an iron altar of Okawaru.
  8527 | D:10     | Became a worshipper of Warmaster Okawaru
  8665 | D:10     | Reached skill level 13 in Polearms
  8733 | D:10     | Reached skill level 10 in Evocations
  8761 | D:10     | Reached * piety under Okawaru
  8820 | D:10     | Reached skill level 1 in Invocations
  9031 | D:10     | Noticed Psyche
  9036 | D:10     | Killed Psyche
  9214 | D:11     | Found a portal to a secret trove of treasure.
  9278 | D:11     | Found Fejuyg's Assorted Antiques.
  9302 | D:11     | Reached ** piety under Okawaru
  9317 | D:11     | Bought a scroll of identify for 40 gold pieces
  9317 | D:11     | Bought a scroll labelled XINIOXENOST for 20 gold pieces
  9446 | D:11     | Reached *** piety under Okawaru
  9457 | D:11     | Reached skill level 14 in Polearms
  9519 | D:11     | Noticed a cyclops
  9525 | D:11     | Killed a cyclops
  9614 | D:11     | Reached **** piety under Okawaru
  9615 | D:11     | HP: 3/66 [something (9)]
  9619 | D:11     | Slain by a vampire

Illustrated notes

Levels and vault maps discovered:
D:1:      nzn_arrival_settlement, layout_loops_corners, serial_shops,
          nicolae_shop_stone, serial_bayou_pond_a, kennysheep_decorative_pillar,
          minmay_split_cup_large
D:2:      layout_basic
D:3:      layout_basic, mainiacjoe_overflow_chevrons,
          lemuel_zombie_altar_yredelemnul, serial_shops, shop,
          serial_bayou_ford_a, dreamdust_wishing_well, uniq_ijyb
D:4:      layout_layer_cave, eat_drink_and_be_merry_uskayaw,
          nicolae_ru_great_annihilating_truth, gup_sewer_entry_pipe,
          serial_shops, shop, st_stairs_5, chequers_mini_garden,
          kennysheep_generic_room_8
D:5:      layout_basic, nicolae_ashenzari_skybound, demons_altar,
          minmay_temple_entry_crystal_x, serial_shops, kennysheep_little_box,
          shop, nicolae_shop_stone, fountainhead
D:6:      layout_layer_cave, mainiacjoe_overflow_24_doors,
          mainiacjoe_overflow_boulevard, kennysheep_mini_moat,
          nicolae_overflow_hidden_temple
D:7:      layout_basic, mainiacjoe_overflow_tiny_flanked, lemuel_another_geyser,
          uniq_duvessa, uniq_menkaure, uniq_crazy_yiuf_cottage
D:8:      layout_rooms, erik_lair_orcish_takeover,
          hellmonk_ghost_happy_afterlife
D:9:      layout_cave_pods, kennysheep_mini, jmf_multi_god_temple2,
          nemelex_spade_bored_becter
D:10:     layout_basic, lemuel_doored_altar, minivault_7, uniq_psyche
D:11:     layout_rooms, serial_shops, shop_fountains, serial_undead,
          serial_undead_d, serial_undead_b, serial_undead_b, serial_undead_b,
          nicolae_trove_entry_free_sample
Temple:   nicolae_temple_two_arcs

Skill      XL: |  1  2  3  4  5  6  7  8  9 10 11 |
---------------+----------------------------------+-----
Fighting       | 2 3 4 5 6 |  6.8
Polearms       | 3 4 5 7 8 10 12 14 | 14.1
Armour         | 3 5 |  5.1
Evocations     | 3 6 9 10 | 10.0
Invocations    | 3 |  3.9
Dodging        | |  5.4
Spellcasting   | |  1.0

Action                   |  1- 3 |  4- 6 |  7- 9 | 10-12 || total
-------------------------+-------+-------+-------+-------++-------
Melee: Spear             |    96 |     9 |       |       ||   105
       Kick              |    18 |     9 |    22 |    50 ||    99
       Peck              |     9 |     4 |     6 |    33 ||    52
       Halberd           |       |    76 |   164 |   282 ||   522
Evoke: Wand              |       |       |     1 |       ||     1
  Use: Scroll            |     3 |     1 |     5 |     5 ||    14
       Potion            |       |       |     1 |     5 ||     6
 Stab: Sleeping          |     2 |     3 |       |       ||     5
       Paralysed         |       |       |     1 |       ||     1
Armor: Leather armour    |    11 |     3 |     3 |       ||    17
       Ring mail         |       |       |    18 |     3 ||    21
       Acid dragon scale |       |       |       |    54 ||    54
Dodge: Dodged            |    35 |    27 |    86 |   168 ||   316
